 Dungeon Sprint DCSS version 0.17-a0-1951-g62301d3 (webtiles) character file.

85449 Kidiri the Imperceptible (level 14, -37/59 HPs)
             Began as a Spriggan Enchanter on Oct 2, 2015.
             Was the Champion of Dithmenos.
             Killed from afar by Frederick (96 damage)
             ... with an iron shot
             ... in the Dungeon (Sprint III: "The Ten Rune Challenge").
             The game lasted 00:50:54 (8811 turns).

Kidiri the Imperceptible (Spriggan Enchanter)       Turns: 8811, Time: 00:50:55

Health: -37/59     AC: 13    Str:  2    XL:     14   Next: 45%
Magic:  21/36      EV: 36    Int: 23    God:    Dithmenos [******]
Gold:   4029       SH:  0    Dex: 19    Spells: 13 memorised, 3 levels left

rFire  + . .     SeeInvis +     m - +2 rapier (drain)
rCold  + . .     Clarity  .     s - +2 robe {rC+ rF+}
rNeg   . . .     SustAt   .     (shield restricted)
rPois  +         Gourm    .     d - +1 hat {SInv}
rElec  .         Spirit   .     l - +0 cloak
rCorr  .         Warding  .     (gloves unavailable)
rMut   .         NoTele   +     (boots unavailable)
MR     +++..                    N - amulet "Xeggushre" {Faith rPois Str-2 Int+4 Stlth+}
Stlth  ++++++++++               (no ring)
                                B - +1 ring of protection

@: stone skin, wreathed by umbra, very quick, extremely resistant to hostile
enchantments, uncannily stealthy
A: unfitting armour, horns 1, see invisible, breathe flames 1, herbivore 3,
speed 3, magic resistance 1, poison resistance, slow metabolism 2
a: Shadow Step, Shadow Form, Renounce Religion, Breathe Fire
}: 2/10 runes: decaying, barnacled


You were in the Dungeon.
You worshipped Dithmenos.
Dithmenos was exalted by your worship.
You were hungry.

You visited 1 branch You collected 4029 gold pieces.

Inventory:

Hand weapons
 m - a +2 rapier of draining (weapon)
 x - a +2 short sword of venom
 E - a +0 mace
 F - the +2 blowgun of Attainder {evade, +Blink}
   (You found it in the Dungeon)

   It affects your evasion (+5 to EV).
   It lets you blink.
Armour
 a - a fire dragon hide {Xtahua}
 d - a +1 hat of see invisible (worn)
 l - a +0 cloak (worn)
 s - a +2 robe of resistance (worn)
 y - a +3 chain mail of fire resistance
Jewellery
 h - an uncursed amulet of faith {unknown}
 B - a +1 ring of protection (left hand)
 M - an uncursed amulet of resist mutation {unknown}
 N - the amulet "Xeggushre" (around neck) {Faith rPois Str-2 Int+4 Stlth+}
   (You found it in the Dungeon)

   [amulet of faith]

   It allows you to gain divine favour quickly.
   It affects your strength (-2).
   It affects your intelligence (+4).
   It protects you from poison.
   It makes you more stealthy.
Magical devices
 b - a wand of confusion (20)
 R - a wand of cold (8)
Scrolls
 n - a scroll of immolation {unknown}
 p - 3 scrolls of remove curse
 t - a scroll of holy word {unknown}
 z - 2 scrolls of silence {unknown}
 A - 3 scrolls of amnesia {unknown}
Potions
 e - 4 potions of curing
 g - a potion of haste
 i - a potion of berserk rage
 k - a potion of might
 r - 2 potions of cure mutation
 u - a potion of invisibility {unknown}
 v - a potion of ambrosia {unknown}
 w - a potion of agility {unknown}
Books
 o - a book of Death

   Spells                             Type                      Level
   a - Corpse Rot                     Necromancy                   2
   b - Sublimation of Blood           Necromancy                   2
   c - Agony                          Necromancy                   5
   d - Dispel Undead                  Necromancy                   5
   e - Excruciating Wounds            Charms/Necromancy            5
   f - Bolt of Draining               Conjuration/Necromancy       5
 D - a book of Callings

   Spells                             Type                      Level
   a - Summon Small Mammal            Summoning                    1
   b - Call Imp                       Summoning                    2
   c - Call Canine Familiar           Summoning                    3
   d - Summon Guardian Golem          Hexes/Summoning              3
   e - Summon Lightning Spire         Summoning/Air                4
   f - Summon Ice Beast               Ice/Summoning                4
 T - a book of Burglary

   Spells                             Type                      Level
   a - Swiftness                      Charms/Air                   2
   b - Passwall                       Transmutation/Earth          3
   c - Passage of Golubria            Translocation                4
   d - Lee's Rapid Deconstruction     Earth                        5
   e - Darkness                       Hexes                        6
   f - Invisibility                   Hexes                        6
Miscellaneous
 C - a plain deck of escape
Comestibles
 c - 31 royal jellies
 q - 5 fruits


   Skills:
 * Level 16.6 Short Blades
 + Level 8.9 Armour
 * Level 20.7 Dodging
 * Level 22.2 Stealth
 * Level 17.9 Spellcasting
 + Level 8.7 Conjurations
 + Level 13.6 Hexes
 + Level 6.2 Translocations
 + Level 13.1 Transmutations
 + Level 9.4 Ice Magic
 + Level 7.9 Air Magic
 + Level 9.6 Earth Magic
 - Level 2.2 Invocations


You had 3 spell levels left.
You knew the following spells:

 Your Spells              Type           Power        Failure   Level  Hunger
a - Corona                Hex            ######.      0%          1    None
b - Ensorcelled Hibernat  Hex/Ice        ######       1%          2    None
c - Confuse               Hex            ######..     1%          3    None
d - Tukima's Dance        Hex            ######..     1%          3    None
e - Dazzling Spray        Conj/Hex       ######..     1%          3    None
f - Stoneskin             Trmt/Erth      ######..     1%          2    None
g - Stone Arrow           Conj/Erth      ######       1%          3    None
h - Passwall              Trmt/Erth      ######....   1%          3    None
i - Lee's Rapid Deconstr  Erth           ######....   1%          5    None
j - Petrify               Trmt/Erth      ######..     1%          4    None
k - Freezing Cloud        Conj/Ice/Air   ######....   12%         6    ####...
l - Bolt of Cold          Conj/Ice       ######....   12%         6    ####...
m - Passage of Golubria   Tloc           N/A          1%          4    None


Dungeon Overview and Level Annotations

Branches:
Dungeon (1/1)

Altars:
Cheibriados
Dithmenos
Elyvilon
Fedhas
Gozag
Kikubaaqudgha
Makhleb
Nemelex Xobeh
Okawaru
Qazlal
Ru
Sif Muna
Trog
Vehumet
Xom
Yredelemnul
Zin
The Shining One
Jiyva
Lugonu

Shops:
D [%::(:%

Annotations:
D exclusion: orange crystal statue, Frederick


Innate Abilities, Weirdness & Mutations

You are tiny and cannot use many weapons and most armour.
You have supernaturally acute eyesight.
You are a herbivore.
You cover ground extremely quickly.
You need consume almost no food.
You have a pair of small horns on your head.
You can breathe flames.
You are resistant to hostile enchantments.
Your system is resistant to poisons.


Message History

Confirm with . or Enter, or press ? or * to list all spells.
Aiming: Confuse
Press: ? - help, Shift-Dir - straight line, f/p - Frederick
Aim: Frederick, wielding a trident of freezing and wearing a large shield of reflection (freezing vapour, moderately wounded, umbra, chance to defeat MR: 1%) Frederick resists with almost no effort.
Frederick is engulfed in freezing vapours.
Frederick closely misses you.
Casting: Confuse
Confirm with . or Enter, or press ? or * to list all spells.
Aiming: Stone Arrow
Press: ? - help, Shift-Dir - straight line, f/p - Frederick
Aim: Frederick, wielding a trident of freezing and wearing a large shield of reflection (freezing vapour, moderately wounded, umbra) Frederick reflects the stone arrow off his large shield of reflection!
The stone arrow misses you.
Frederick is engulfed in freezing vapours.
Frederick says, "You call yourself an adventurer?
Hah!"
Frederick casts a spell at you. The iron shot hits you!
Ouch! That really hurt!
You die...

§≈≈# #§.#§§§##§§§≈§§§≈§# §≈§#
#§#8§§§§#§§§§§§§§§# §≈§#
##§@§#§##§§§§§§§§§# c§§§#
#§#§#.#§+§§§§§§.§§# #§§≈
################§## c≈≈§
#...#...#..#..§§§§# #≈≈
#...#...#..#...@§§# c§
##+###+##§§#..8§§§#
###.....@§@§§#..§§§§#
##.#.#####.####...§§§#
########..'.#)..+.#}.'....§§#
.......'..#######.'..#......#
)..########.. ..#.####......#
)### #..#..#.#%.#......# ##8#
#.#)#.#.'..#.....(# §§§#
#....)#.#..#......# §§§
#)....#.#..#......#


You could see Frederick.

Vanquished Creatures
  Xtahua (D)
  Rupert (D)
  A deep elf blademaster (D)
  A kraken (D)
  Gastronok (D)
  Chuck (D)
  Maud (D)
  Wiglaf (D)
  2 dire elephants (D)
  4 deep elf annihilators (D)
  2 deep elf death magi (D)
  Snorg (D)
  5 fire dragons (D)
  A yaktaur captain (D)
  3 hydras (D)
  2 centaur warriors (D)
  3 alligator snapping turtles (D)
  4 dancing weapons (D)
  4 death yaks (D)
  3 deep elf knights (D)
  2 unseen horrors (D)
  A death drake (D)
  A deep troll (shapeshifter) (D)
  A spriggan druid (D)
  A deep elf summoner (D)
  A lindwurm (D)
  An orc knight (D)
  6 ugly things (D)
  A deep elf conjurer (D)
  2 orc sorcerers (D)
  2 elephants (D)
  An elephant (shapeshifter) (D)
  2 black mambas (D)
  2 spiny frogs (D)
  A komodo dragon (D)
  A fire drake (D)
  A deep elf priest (D)
  3 wandering mushrooms (D)
  4 spriggan defenders (D)
  A queen bee (D)
  An orc high priest (D)
  2 slime creatures (D)
  A boulder beetle (shapeshifter) (D)
  8 blink frogs (D)
  3 snapping turtles (D)
  2 spriggans (D)
  A shadow (D)
  3 redbacks (D)
  A spatial vortex (D)
  A swamp drake (D)
  3 orc warriors (D)
  A necrophage (D)
  2 centaurs (D)
  An earth elemental (D)
  2 brain worms (D)
  A water elemental (D)
  32 killer bees (D)
  An electric eel (D)
  A wizard (D)
  Crazy Yiuf (D)
  A jelly (D)
  An orc wizard (D)
  4 orc priests (D)
  Jessica (D)
  A necromancer (D)
  3 humans (D)
  A kobold demonologist (D)
  9 orcs (D)
  2 rats (D)
  8 bushes (D)
  18 plants (D)
194 creatures vanquished.

Vanquished Creatures (collateral kills)
  Frances (D)
  An orc warrior (D)
2 creatures vanquished.

Vanquished Creatures (others)
  2 draconian scorchers (D)
  3 yaktaurs (D)
  2 fire drakes (D)
  7 plants (D)
  4 tentacles (D)
  68 tentacle segments (D)
86 creatures vanquished.

Grand Total: 282 creatures vanquished

Notes
Turn   | Place    | Note
--------------------------------------------------------------
     0 | D        | Kidiri the Spriggan Enchanter began the quest for the Orb.
     0 | D        | Reached XP level 1. HP: 9/9 MP: 5/5
    18 | D        | Noticed Jessica
    21 | D        | Killed Jessica
    21 | D        | Reached skill level 1 in Armour
    21 | D        | Reached skill level 5 in Stealth
    21 | D        | Reached XP level 2. HP: 13/13 MP: 5/7
    25 | D        | Learned a level 2 spell: Ensorcelled Hibernation
    82 | D        | Killed a fire drake
   122 | D        | Killed a yaktaur
   199 | D        | Killed a white draconian scorcher
   258 | D        | Reached skill level 5 in Dodging
   258 | D        | Reached skill level 6 in Stealth
   258 | D        | Reached XP level 3. HP: 8/16 MP: 2/9
   265 | D        | Learned a level 3 spell: Confuse
   269 | D        | Learned a level 3 spell: Tukima's Dance
   273 | D        | Killed a white draconian scorcher
   311 | D        | Killed a yaktaur
   423 | D        | Noticed Crazy Yiuf
   430 | D        | Killed Crazy Yiuf
   430 | D        | Reached skill level 1 in Ice Magic
   430 | D        | Reached XP level 4. HP: 21/21 MP: 7/11
   459 | D        | Learned a level 3 spell: Dazzling Spray
   460 | D        | Gained mutation: You have a pair of small horns on your head. [potion of mutation]
   460 | D        | Gained mutation: Your system is resistant to poisons. [potion of mutation]
   460 | D        | Gained mutation: You can breathe flames. [potion of mutation]
   461 | D        | Gained mutation: You heal slowly when monsters are visible. [potion of mutation]
   461 | D        | Gained mutation: You expend magic power (3 MP) to strengthen your wands. [potion of mutation]
   480 | D        | Reached skill level 8 in Dodging
   480 | D        | Reached skill level 9 in Stealth
   480 | D        | Reached skill level 1 in Conjurations
   480 | D        | Reached skill level 5 in Hexes
   480 | D        | Reached XP level 5. HP: 24/24 MP: 12/15
   508 | D        | Noticed a water elemental
   527 | D        | Killed a water elemental
   537 | D        | Killed a fire drake
   674 | D        | Noticed a jelly
   675 | D        | Noticed a shadow
   677 | D        | Killed a shadow
   677 | D        | Reached skill level 10 in Stealth
   677 | D        | Reached XP level 6. HP: 28/28 MP: 15/17
   681 | D        | Killed a jelly
   706 | D        | Found a stormy altar of Qazlal.
   707 | D        | Found a sacrificial altar of Ru.
   707 | D        | Found a burning altar of Makhleb.
   707 | D        | Found a viscous altar of Jiyva.
   707 | D        | Found a shimmering altar of Xom.
   707 | D        | Found a shadowy altar of Dithmenos.
   707 | D        | Found a sparkling altar of Nemelex Xobeh.
   707 | D        | Found a corrupted altar of Lugonu.
   707 | D        | Found an opulent altar of Gozag.
   707 | D        | Noticed a spatial vortex
   711 | D        | Became a worshipper of Dithmenos the Shadowed
   719 | D        | Killed a spatial vortex
   719 | D        | Reached skill level 11 in Stealth
   825 | D        | Found a radiant altar of Vehumet.
   826 | D        | Found a deep blue altar of Sif Muna.
   826 | D        | Found an ancient bone altar of Kikubaaqudgha.
   826 | D        | Noticed a wizard
   827 | D        | Killed a wizard
   827 | D        | Reached skill level 1 in Invocations
   827 | D        | Reached XP level 7. HP: 32/32 MP: 19/19
   840 | D        | Reached skill level 10 in Dodging
   918 | D        | Learned a level 2 spell: Stoneskin
   922 | D        | Learned a level 3 spell: Stone Arrow
   926 | D        | Learned a level 3 spell: Passwall
   947 | D        | Found a glowing silver altar of Zin.
   948 | D        | Found a glowing golden altar of the Shining One.
   948 | D        | Found a white marble altar of Elyvilon.
   948 | D        | Noticed a deep elf priest
   950 | D        | Killed a deep elf priest
   950 | D        | Reached skill level 1 in Transmutations
   950 | D        | Reached skill level 1 in Earth Magic
   962 | D        | Found an iron altar of Okawaru.
   963 | D        | Found a bloodstained altar of Trog.
   963 | D        | Noticed a human
   963 | D        | Noticed a human
   965 | D        | Killed a human
   973 | D        | Killed a human
   973 | D        | Acquired Dithmenos's first power
   973 | D        | Reached XP level 8. HP: 36/36 MP: 12/22
   980 | D        | Learned a level 5 spell: Lee's Rapid Deconstruction
  1042 | D        | Found a snail-covered altar of Cheibriados.
  1042 | D        | Noticed a necrophage
  1043 | D        | Found a basalt altar of Yredelemnul.
  1043 | D        | Found a blossoming altar of Fedhas.
  1043 | D        | Noticed a necromancer
  1044 | D        | Killed a necrophage
  1044 | D        | Reached skill level 12 in Stealth
  1045 | D        | Killed a necromancer
  1066 | D        | Noticed Snorg
  1075 | D        | Killed Snorg
  1075 | D        | Reached skill level 13 in Stealth
  1075 | D        | Reached skill level 10 in Spellcasting
  1075 | D        | Reached XP level 9. HP: 39/39 MP: 20/24
  1099 | D        | Noticed an earth elemental
  1102 | D        | Killed an earth elemental
  1107 | D        | Noticed a centaur
  1107 | D        | Noticed a centaur warrior
  1107 | D        | Noticed a centaur
  1112 | D        | Killed a centaur warrior
  1112 | D        | Reached skill level 5 in Transmutations
  1113 | D        | Killed a centaur
  1113 | D        | Acquired Dithmenos's second power
  1123 | D        | Killed a centaur
  1190 | D        | Learned a level 4 spell: Petrify
  1246 | D        | Noticed an unseen horror
  1246 | D        | Noticed an unseen horror
  1247 | D        | Killed an unseen horror
  1247 | D        | Reached skill level 10 in Short Blades
  1247 | D        | Reached skill level 14 in Stealth
  1247 | D        | Reached skill level 5 in Ice Magic
  1249 | D        | Killed an unseen horror
  1259 | D        | Noticed a killer bee
  1259 | D        | Noticed a killer bee
  1259 | D        | Noticed a killer bee
  1259 | D        | Noticed a killer bee
  1259 | D        | Noticed a killer bee
  1259 | D        | Noticed a killer bee
  1259 | D        | Noticed a killer bee
  1259 | D        | Noticed a killer bee
  1259 | D        | Noticed a killer bee
  1259 | D        | Noticed a killer bee
  1259 | D        | Noticed a killer bee
  1259 | D        | Noticed a killer bee
  1259 | D        | Noticed a killer bee
  1259 | D        | Noticed a killer bee
  1259 | D        | Noticed a killer bee
  1260 | D        | Noticed a killer bee
  1260 | D        | Noticed a killer bee
  1260 | D        | Noticed a killer bee
  1260 | D        | Noticed a killer bee
  1260 | D        | Noticed a killer bee
  1260 | D        | Noticed a killer bee
  1260 | D        | Noticed a killer bee
  1260 | D        | Noticed a killer bee
  1260 | D        | Noticed a queen bee
  1260 | D        | Noticed a killer bee
  1260 | D        | Noticed a killer bee
  1260 | D        | Noticed a killer bee
  1260 | D        | Noticed a killer bee
  1260 | D        | Noticed a killer bee
  1260 | D        | Noticed a killer bee
  1260 | D        | Noticed a killer bee
  1260 | D        | Noticed a killer bee
  1260 | D        | Noticed a killer bee
  1261 | D        | Killed a killer bee
  1261 | D        | Acquired Dithmenos's third power
  1261 | D        | Reached XP level 10. HP: 44/44 MP: 26/26
  1269 | D        | Killed a killer bee
  1271 | D        | Killed a killer bee
  1276 | D        | Killed a killer bee
  1277 | D        | Killed a killer bee
  1278 | D        | Killed a killer bee
  1281 | D        | Killed a killer bee
  1281 | D        | Acquired Dithmenos's fourth power
  1284 | D        | Killed a killer bee
  1285 | D        | Killed a killer bee
  1285 | D        | Reached skill level 5 in Armour
  1286 | D        | Killed a killer bee
  1288 | D        | Killed a killer bee
  1294 | D        | Killed a killer bee
  1435 | D        | Killed a killer bee
  1437 | D        | Killed a killer bee
  1438 | D        | Killed a killer bee
  1439 | D        | Killed a killer bee
  1442 | D        | Killed a killer bee
  1443 | D        | Killed a killer bee
  1445 | D        | Killed a killer bee
  1449 | D        | Killed a killer bee
  1453 | D        | Killed a killer bee
  1456 | D        | Killed a killer bee
  1458 | D        | Killed a killer bee
  1460 | D        | Killed a killer bee
  1462 | D        | Killed a killer bee
  1466 | D        | Killed a killer bee
  1468 | D        | Killed a killer bee
  1608 | D        | Killed a killer bee
  1612 | D        | Killed a killer bee
  1614 | D        | Killed a killer bee
  1618 | D        | Killed a killer bee
  1620 | D        | Killed a killer bee
  1624 | D        | Killed a queen bee
  1624 | D        | Reached skill level 15 in Stealth
  1709 | D        | Noticed a wandering mushroom
  1710 | D        | Noticed a wandering mushroom
  1710 | D        | Noticed a wandering mushroom
  1712 | D        | Killed a wandering mushroom
  1716 | D        | Killed a wandering mushroom
  1717 | D        | Killed a wandering mushroom
  1717 | D        | Reached skill level 5 in Conjurations
  1778 | D        | Noticed a spiny frog
  1778 | D        | Noticed a komodo dragon
  1778 | D        | Noticed a spiny frog
  1781 | D        | Killed a spiny frog
  1781 | D        | Reached skill level 5 in Earth Magic
  1785 | D        | Killed a spiny frog
  1789 | D        | Killed a komodo dragon
  1982 | D        | Noticed a redback
  1984 | D        | Killed a redback
  1985 | D        | Noticed a brain worm
  1994 | D        | Killed a brain worm
  1997 | D        | Noticed a brain worm
  1999 | D        | Killed a brain worm
  2018 | D        | Noticed a lindwurm
  2020 | D        | Noticed a redback
  2024 | D        | Killed a lindwurm
  2024 | D        | Reached XP level 11. HP: 44/47 MP: 23/28
  2027 | D        | Killed a redback
  2037 | D        | Learned a level 6 spell: Freezing Cloud
  2049 | D        | Noticed a redback
  2050 | D        | Noticed Maud
  2053 | D        | Killed Maud
  2053 | D        | Reached skill level 15 in Dodging
  2053 | D        | Reached skill level 16 in Stealth
  2053 | D        | Reached skill level 10 in Hexes
  2053 | D        | Reached skill level 1 in Air Magic
  2055 | D        | Killed a redback
  2081 | D        | Noticed an electric eel
  2082 | D        | Noticed a six-headed hydra
  2082 | D        | Noticed a four-headed hydra
  2083 | D        | Killed an electric eel
  2085 | D        | Killed a six-headed hydra
  2086 | D        | Killed a four-headed hydra
  2099 | D        | Noticed a death drake
  2102 | D        | Killed a death drake
  2112 | D        | Found a blossoming altar of Fedhas.
  2112 | D        | Noticed a spriggan
  2112 | D        | Noticed a spriggan druid
  2112 | D        | Noticed a spriggan
  2114 | D        | Killed a spriggan druid
  2115 | D        | Killed a spriggan
  2116 | D        | Killed a spriggan
  2116 | D        | Reached skill level 17 in Stealth
  2161 | D        | Noticed a fire dragon
  2289 | D        | Killed a yaktaur
  2410 | D        | Noticed a fire dragon
  2411 | D        | Noticed a fire dragon
  2411 | D        | Noticed a fire dragon
  2411 | D        | Found Ekhab's Antique Weapon Emporium.
  2411 | D        | Found Xumi's Book Shop.
  2411 | D        | Found Isotom's Food Shoppe.
  2412 | D        | Killed a fire dragon
  2451 | D        | Killed a fire dragon
  2627 | D        | Killed a fire dragon
  2671 | D        | Killed a fire dragon
  2866 | D        | Noticed a swamp drake
  2866 | D        | Noticed a fire drake
  2867 | D        | Killed a fire drake
  2869 | D        | Killed a swamp drake
  2876 | D        | Noticed a blink frog
  2876 | D        | Noticed a blink frog
  2876 | D        | Noticed a blink frog
  2876 | D        | Noticed a blink frog
  2877 | D        | Noticed a blink frog
  2879 | D        | Killed a blink frog
  2881 | D        | Killed a blink frog
  2881 | D        | Reached XP level 12. HP: 51/51 MP: 31/31
  2971 | D        | Killed a blink frog
  2974 | D        | Killed a blink frog
  2980 | D        | Killed a blink frog
  3020 | D        | Noticed Rupert
  3022 | D        | Killed Rupert
  3022 | D        | Reached skill level 18 in Stealth
  3055 | D        | Noticed a death yak
  3056 | D        | Noticed a death yak
  3056 | D        | Noticed a blink frog
  3057 | D        | Noticed an azure jelly
  3057 | D        | Noticed a death yak
  3057 | D        | Noticed an azure jelly
  3057 | D        | Noticed a blink frog
  3057 | D        | Noticed a death yak
  3058 | D        | Killed a death yak
  3059 | D        | Killed a blink frog
  3060 | D        | Killed a death yak
  3224 | D        | Noticed a blink frog
  3227 | D        | Noticed a black mamba
  3229 | D        | Noticed a black mamba
  3233 | D        | Killed a black mamba
  3238 | D        | Killed a black mamba
  3244 | D        | Killed a blink frog
  3245 | D        | Killed a blink frog
  3504 | D        | Killed a death yak
  3504 | D        | Reached skill level 10 in Transmutations
  3621 | D        | Killed a death yak
  3722 | D        | Noticed a kraken
  3729 | D        | Noticed a snapping turtle
  3865 | D        | Killed a kraken
  3865 | D        | Reached skill level 19 in Stealth
  3865 | D        | Reached skill level 15 in Spellcasting
  3907 | D        | Learned a level 6 spell: Bolt of Cold
  3911 | D        | Noticed a snapping turtle
  3912 | D        | Noticed an alligator snapping turtle
  3912 | D        | Noticed an alligator snapping turtle
  3912 | D        | Noticed an alligator snapping turtle
  3912 | D        | Noticed a snapping turtle
  3912 | D        | Found Fierph's Antique Armour Shoppe.
  3912 | D        | Found Inupheci's Food Boutique.
  3912 | D        | Found Sovibedo's Book Shop.
  3913 | D        | Killed a snapping turtle
  3913 | D        | Reached skill level 5 in Air Magic
  3914 | D        | Killed an alligator snapping turtle
  4024 | D        | Killed an alligator snapping turtle
  4121 | D        | Killed a snapping turtle
  4122 | D        | Killed a snapping turtle
  4271 | D        | Killed an alligator snapping turtle
  4286 | D        | Got a barnacled rune of Zot
  4334 | D        | Noticed an azure jelly
  4334 | D        | Noticed an azure jelly
  4335 | D        | Noticed an elephant
  4335 | D        | Noticed an elephant
  4335 | D        | Noticed a dire elephant
  4335 | D        | Noticed a dire elephant
  4335 | D        | Noticed Gastronok
  4347 | D        | Killed a dire elephant
  4347 | D        | Reached XP level 13. HP: 49/55 MP: 26/33
  4362 | D        | Killed a dire elephant
  4365 | D        | Killed an elephant
  4380 | D        | Killed Gastronok
  4549 | D        | Killed an elephant
  4579 | D        | Lost mutation: You heal slowly when monsters are visible. [potion of mutation]
  4579 | D        | Gained mutation: You are resistant to hostile enchantments. [potion of mutation]
  4579 | D        | Lost mutation: You expend magic power (3 MP) to strengthen your wands. [potion of mutation]
  5083 | D        | Noticed an orc sorcerer
  5084 | D        | Noticed an orc priest
  5084 | D        | Noticed an orc knight
  5084 | D        | Noticed an orc warrior
  5084 | D        | Noticed an orc warrior
  5084 | D        | Noticed an orc sorcerer
  5084 | D        | Noticed an orc warrior
  5084 | D        | Noticed an orc warrior
  5084 | D        | Noticed an orc wizard
  5084 | D        | Found Miseqies's Book Shop.
  5092 | D        | Killed an orc warrior
  5099 | D        | Killed an orc sorcerer
  5133 | D        | Killed an orc knight
  5170 | D        | Killed an orc sorcerer
  5284 | D        | Killed an orc warrior
  5296 | D        | Killed an orc priest
  5424 | D        | Killed an orc warrior
  5494 | D        | Killed an orc wizard
  5505 | D        | Killed an orc warrior
  5647 | D        | Noticed a deep elf knight
  5647 | D        | Noticed a deep elf knight
  5647 | D        | Noticed a deep elf conjurer
  5647 | D        | Noticed a deep elf knight
  5647 | D        | Noticed a deep elf summoner
  5659 | D        | Killed a deep elf knight
  5679 | D        | Killed a deep elf conjurer
  5679 | D        | Reached skill level 20 in Stealth
  5691 | D        | Killed a deep elf knight
  5762 | D        | Killed a deep elf summoner
  5898 | D        | Killed a deep elf knight
  5898 | D        | Reached skill level 15 in Short Blades
  6040 | D        | Noticed a deep elf annihilator
  6044 | D        | Noticed a deep elf annihilator
  6044 | D        | Noticed a deep elf death mage
  6047 | D        | Killed a deep elf annihilator
  6052 | D        | Killed a ghostly deep elf annihilator
  6053 | D        | Noticed a deep elf annihilator
  6054 | D        | Noticed a deep elf annihilator
  6133 | D        | Noticed a deep elf death mage
  6170 | D        | Killed a deep elf death mage
  6320 | D        | Killed a deep elf death mage
  6321 | D        | Noticed a deep elf blademaster
  6399 | D        | Killed a deep elf annihilator
  6500 | D        | Killed a deep elf annihilator
  6585 | D        | Killed a deep elf annihilator
  6912 | D        | Killed a deep elf blademaster
  6945 | D        | Got a faintly glowing diamond amulet
  6948 | D        | Identified the Almanac of Ensnaring Calling
  6961 | D        | Got an iridescent morningstar {flame}
  7017 | D        | Identified the amulet "Xeggushre" {Faith rPois Str-2 Int+4 Stlth+} (You found it in the Dungeon)
  7025 | D        | Learned a level 4 spell: Passage of Golubria
  7183 | D        | Noticed Wiglaf
  7183 | D        | Noticed Frances
  7187 | D        | Killed Wiglaf
  7187 | D        | Reached skill level 21 in Stealth
  7187 | D        | Reached skill level 1 in Translocations
  7207 | D        | Killed Frances
  7315 | D        | Noticed an orc priest
  7315 | D        | Noticed an orc priest
  7316 | D        | Noticed an orc priest
  7316 | D        | Noticed an orc high priest
  7317 | D        | Killed an orc priest
  7318 | D        | Killed an orc priest
  7320 | D        | Killed an orc priest
  7321 | D        | Killed an orc high priest
  7409 | D        | Noticed a yaktaur
  7409 | D        | Noticed a yaktaur
  7409 | D        | Noticed a yaktaur
  7620 | D        | Noticed a four-headed hydra
  7620 | D        | Noticed Xtahua
  7622 | D        | Killed Xtahua
  7622 | D        | Reached XP level 14. HP: 59/59 MP: 30/36
  7624 | D        | Killed a four-headed hydra
  7631 | D        | Got a decaying rune of Zot
  7797 | D        | Noticed a spriggan defender
  7798 | D        | Noticed a spriggan defender
  7798 | D        | Noticed a spriggan defender
  7798 | D        | Noticed a spriggan defender
  7799 | D        | Killed a spriggan defender
  7800 | D        | Killed a spriggan defender
  7802 | D        | Killed a spriggan defender
  7803 | D        | Killed a spriggan defender
  7885 | D        | Noticed a green ugly thing
  7888 | D        | Killed a green ugly thing
  7899 | D        | Noticed a fire dragon
  7903 | D        | Killed a fire dragon
  7913 | D        | Noticed a centaur warrior
  7917 | D        | Killed a centaur warrior
  7934 | D        | Noticed a brown ugly thing
  7934 | D        | Noticed a cyan ugly thing
  7935 | D        | Noticed a boulder beetle
  7936 | D        | Killed a brown ugly thing
  7938 | D        | Killed a cyan ugly thing
  7942 | D        | Killed a boulder beetle
  7961 | D        | Noticed a war axe of chopping
  7961 | D        | Noticed a flail of venom
  7961 | D        | Noticed a mace of crushing
  7962 | D        | Noticed a broad axe of chopping
  7963 | D        | Killed a flail of venom
  7965 | D        | Killed a broad axe of chopping
  7967 | D        | Killed a war axe of chopping
  7967 | D        | Reached skill level 5 in Translocations
  7969 | D        | Killed a mace of crushing
  7996 | D        | Noticed a yaktaur captain
  7996 | D        | Noticed a deep troll
  7996 | D        | Noticed a red ugly thing
  7997 | D        | Noticed a slime creature
  7997 | D        | Noticed a slime creature
  7997 | D        | Noticed a green ugly thing
  7998 | D        | Killed a deep troll
  8000 | D        | Killed a green ugly thing
  8001 | D        | Killed a slime creature
  8002 | D        | Killed a slime creature
  8005 | D        | Killed a red ugly thing
  8005 | D        | Reached skill level 22 in Stealth
  8007 | D        | Killed a yaktaur captain
  8085 | D        | Noticed Chuck
  8097 | D        | Killed Chuck
  8253 | D        | Got a transparent blowgun
  8254 | D        | Identified the +2 blowgun of Attainder {evade, +Blink} (You found it in the Dungeon)
  8290 | D        | Noticed an elephant
  8290 | D        | Noticed Frederick
  8291 | D        | Noticed a green ugly thing
  8292 | D        | Killed a green ugly thing
  8294 | D        | Killed an elephant
  8510 | D        | Noticed an orange crystal statue
  8811 | D        | Killed from afar by Frederick

Vault maps used:
D:        dungeon_sprint_mu

Action                   |  1- 3 |  4- 6 |  7- 9 | 10-12 | 13-15 || total
-------------------------+-------+-------+-------+-------+-------++-------
Melee: Dagger            |     8 |     6 |    28 |   161 |   458 ||   661
       Short sword       |       |       |       |       |    66 ||    66
       Rapier            |       |       |       |       |    11 ||    11
 Cast: Corona            |     4 |       |       |       |       ||     4
       Ensorcelled Hiber |     4 |     1 |     4 |    68 |    16 ||    93
       Dazzling Spray    |       |    10 |     3 |    35 |    61 ||   109
       Confuse           |       |       |     4 |       |     3 ||     7
       Stoneskin         |       |       |     1 |     2 |     7 ||    10
       Stone Arrow       |       |       |       |    16 |    14 ||    30
       Freezing Cloud    |       |       |       |       |    10 ||    10
       Bolt of Cold      |       |       |       |       |     9 ||     9
       Tukima's Dance    |       |       |       |       |     4 ||     4
       Passage of Golubr |       |       |       |       |     3 ||     3
       Passwall          |       |       |       |       |     1 ||     1
Invok: Shadow Step       |       |       |       |    10 |     7 ||    17
  Use: Potion            |       |     3 |       |       |     7 ||    10
       Scroll            |       |     2 |       |       |     1 ||     3
 Stab: Sleeping          |     4 |     3 |    11 |    55 |    34 ||   107
       Confused          |       |       |     3 |       |       ||     3
       Invisible         |       |       |     1 |    14 |     6 ||    21
       Distracted        |       |       |       |     1 |     3 ||     4
  Eat: Bread ration      |       |       |       |     1 |       ||     1
       Fruit             |       |       |       |       |     5 ||     5
